 Dungeon Crawl Stone Soup version 0.18-a0-337-g1235303 (webtiles) character file.

79 4thArraOfDagon the Cudgeler (level 4, -4/62 HPs)
             Began as an Ogre Hunter on Nov 28, 2015.
             Killed by divine providence
             ... invoked by an orc priest
              (11 damage)
             ... on level 6 of the Dungeon.
             The game lasted 00:04:57 (499 turns).

4thArraOfDagon the Cudgeler (Ogre Hunter)            Turns: 499, Time: 00:04:58

Health: -4/62      AC:  6    Str: 28    XL:     4   Next: 38%
Magic:  4/4        EV:  7    Int: 11    God:
Gold:   84         SH:  0    Dex: 10    Spells: 0 memorised, 3 levels left

rFire  . . .     SeeInvis .     (weapon currently unavailable)
rCold  . . .     Clarity  .     (armour currently unavailable)
rNeg   . . .     SustAt   .     (shield currently unavailable)
rPois  +         Gourm    .     (helmet currently unavailable)
rElec  .         Spirit   .     (cloak currently unavailable)
rCorr  .         Warding  .     (gloves unavailable)
rMut   .         Stasis   .     (boots unavailable)
MR     .....                    (no amulet)
Stlth  +.........               (no ring)
                                n - +3 ring of strength

@: hydra-form (expiring), not resistant to hostile enchantments, very unstealthy
A: unfitting armour, (tough skin 0)
a: no special abilities


You were on level 6 of the Dungeon.
You were not hungry.
You were a one-headed hydra.
You visited 1 branch of the dungeon, and saw 7 of its levels.

You collected 84 gold pieces.

Inventory:

Hand Weapons
 a - a +0 whip
 j - a +0 trident (melded)
Missiles
 c - 4 large rocks (quivered)
 i - 2 throwing nets
Armour
 b - a +0 robe (melded)
Jewellery
 n - a +3 ring of strength (left foreclaw)
Wands
 d - a wand of polymorph (15)
Scrolls
 m - 2 scrolls of recharging
Comestibles
 e - a bread ration
 f - 3 fruits


   Skills:
 + Level 4.0 Fighting
 * Level 4.1 Maces & Flails
 - Level 4.0 Throwing
 - Level 1.7 Dodging
 - Level 0.7 Stealth


You had 3 spell levels left.
You didn't know any spells.

Dungeon Overview and Level Annotations

Branches:
Dungeon (7/15)
 Temple: D:4-7

Altars:
Fedhas
Gozag
Zin

Portals:
Sewer: D:3
Ossuary: D:4

Annotations:
D:3 Raultor's ghost, weakling OpTm
D:5 Menkaure


Innate Abilities, Weirdness & Mutations

You are too large for most types of armour.
((You have tough skin (AC +1).))


Message History

The orc wizard casts a spell.
The orc wizard blinks!
You nip at the orc but do no damage.
The hound zombie bites you but does no damage.
The orc hits you but does no damage.
You barely miss the orc.
Your transformation is almost over.
The hound zombie barely misses you. The orc hits you with a dagger.
* * * LOW HITPOINT WARNING * * *
The orc wizard casts a spell.
The orc wizard blinks!
Unknown command.
You nip at the orc.
The orc is lightly wounded.
The hound zombie bites you but does no damage.
The orc closely misses you. The hound zombie bites you.
* * * LOW HITPOINT WARNING * * *
The orc priest calls down the wrath of Beogh upon you.
Something smites you!
You die...

##....Y #########
#...... #.......#
#>.....
#.[.....####.##..#
#$.........F.....#
#####.######......
#####.# #.##..#
#.ZF..# #.. ...
#D###.........# .#
#o# #..##.....# #
#o# #.... ...# #.#
#..#.. ..# #o#
#......O #.#
##.#.... #[# .#.
.. #.#


You could see a giant frog, an orc priest, an orc wizard, an orc and a hound
zombie.

Vanquished Creatures
  Terence (D:2)
  A worker ant (D:4)
  A worker ant zombie (D:4)
  An adder (D:2)
  An orc (D:6)
  A ball python (D:3)
  A bat (D:1)
  A giant cockroach (D:3)
  A goblin (D:3)
  A hobgoblin (D:3)
  2 kobolds
  3 rats
15 creatures vanquished.

Notes
Turn   | Place    | Note
--------------------------------------------------------------
     0 | D:1      | 4thArraOfDagon the Ogre Hunter began the quest for the Orb.
     0 | D:1      | Reached XP level 1. HP: 22/22 MP: 1/1
   118 | D:2      | Reached skill level 1 in Maces & Flails
   128 | D:2      | Found an opulent altar of Gozag.
   129 | D:2      | Found a glowing silver altar of Zin.
   141 | D:2      | Noticed Terence
   144 | D:2      | Killed Terence
   144 | D:2      | Reached XP level 2. HP: 29/31 MP: 2/2
   144 | D:2      | Reached XP level 3. HP: 34/37 MP: 3/3
   313 | D:3      | Found a glowing drain.
   324 | D:3      | Noticed Raultor's ghost (weakling OpTm)
   359 | D:4      | Reached XP level 4. HP: 48/48 MP: 4/4
   410 | D:4      | Found a sand-covered staircase.
   419 | D:5      | Entered Level 5 of the Dungeon
   419 | D:5      | Noticed a phantom
   422 | D:5      | Noticed Menkaure
   463 | D:4      | You fall through a shaft for 3 floors!
   463 | D:7      | Noticed a giant frog
   463 | D:7      | Noticed a sky beast
   468 | D:7      | Noticed a giant frog
   468 | D:7      | :(
   470 | D:6      | Found a blossoming altar of Fedhas.
   481 | D:6      | Noticed an ogre
   499 | D:6      | Killed from afar by an orc priest

Vault maps used:
D:1:      scummos_arrival_hexagon, okawaru_ov_weapons_minmay
D:2:      grunt_temple_overflow_gold_and_silver, uniq_terence
D:3:      portal_sewer_entry_a, fedhas_altar_1, uniq_crazy_yiuf_cottage,
          uniq_robin, uniq_jessica
D:4:      enter_ossuary_1, first_bread, eino_tiny_chamber, uniq_grinder
D:5:      minmay_temple_entry_fiery, basic_altar, uniq_menkaure
D:6:      grunt_temple_overflow_forces_of_nature, serial_shops, shop,
          patterned_corridor, uniq_pikel, uniq_edmund, uniq_duvessa
D:7:      kennysheep_seaside_town

Action                   |  1- 3 |  4- 6 || total
-------------------------+-------+-------++-------
Melee: Whip              |     2 |       ||     2
       Club              |     1 |       ||     1
       Trident           |    20 |    12 ||    32
       Unarmed           |       |     8 ||     8
Throw: Large rock        |     6 |       ||     6
       Throwing net      |     3 |       ||     3
Evoke: Wand              |       |     1 ||     1
  Use: Scroll            |       |     6 ||     6
       Potion            |       |     1 ||     1
